 Dungeon Crawl Stone Soup version 0.27.1-37-g7b29ead8ac (webtiles) character file.

Game seed: 15022802012483255081

6338 tkbsonic5 the Tainter (level 10, 0/84 HPs)
             Began as a Naga Venom Mage on Sept 17, 2023.
             Was a Follower of Uskayaw.
             Slain by a two-headed ogre (11 damage)
             ... on level 9 of the Dungeon.
             The game lasted 00:58:15 (10773 turns).

tkbsonic5 the Tainter (Naga Venom Mage)            Turns: 10773, Time: 00:58:18

Health: 0/84       AC: 11    Str: 11    XL:     10   Next: 96%
Magic:  8/18       EV: 10    Int: 19    God:    Uskayaw [*.....]
Gold:   277        SH:  4    Dex: 11    Spells: 3/20 levels left

rFire    . . .     SeeInvis +   q - +2 falchion (distort) {(3,8?) Samsaran Riverblade}
rCold    . . .     Faith    .   s - +0 buckler {reflect}
rNeg     . . .     Spirit   .   a - +2 robe
rPois    +         Reflect  +   (no helmet)
rElec    .         Harm     .   o - +1 cloak
rCorr    .         Rampage  .   z - +2 pair of gloves
Will     +....                  (no barding)
Stlth    ++++......             (no amulet)
HPRegen  0.24/turn              (no ring)
MPRegen  0.16/turn              (no ring)

@: slowed, very slow
A: AC +3, large, see invisible, deformed body, poison resistance, slowness 2,
spit poison 1, naga tail 1
a: Spit Poison, Renounce Religion, Stomp


You were on level 9 of the Dungeon.
You worshipped Uskayaw.
Uskayaw was noncommittal.
You visited 1 branch of the dungeon, and saw 9 of its levels.

You collected 515 gold pieces.
You spent 238 gold pieces at shops.

Inventory:

Hand Weapons
 b - a +0 great sword
 c - a +1 short sword of draining {(5,7++)}
 d - a +3 battleaxe of freezing
 f - a +1 vampiric dagger
 q - a +2 falchion of distortion (weapon) {(3,8?) Samsaran Riverblade}
 r - a +2 dagger of venom
 t - a +5 dire flail
 u - the +2 hunting sling of Ofimacamim {vorpal, rC+ rN+}
   (You found it on level 7 of the Dungeon)

   Any ammunition fired from it inflicts extra damage upon your enemies.
   rC:        It protects you from cold.
   rN:        It protects you from negative energy.
 w - a +5 scimitar
 x - a +3 morningstar of freezing
 y - a +1 short sword of venom
Missiles
 g - 52 poisoned darts
 h - 7 atropa-tipped darts
 i - 2 javelins
 k - 43 bolts
Armour
 a - a +2 robe (worn)
 e - a +0 leather armour
 n - a +0 pair of gloves
 o - a +1 cloak (worn)
 s - a +0 buckler of reflection (worn)
 z - a +2 pair of gloves (worn)
Wands
 p - a wand of mindburst (4)
 v - a wand of flame (5)
Scrolls
 j - a scroll of identify
Potions
 m - a potion of flight


   Skills:
 * Level 3.6 Fighting
 - Level 2.1(3.4) Short Blades
 * Level 4.1(4.4) Long Blades
 - Level 1.1 Throwing
 + Level 1.5 Armour
 + Level 2.4 Dodging
 * Level 8.4 Stealth
 * Level 1.8 Shields
 * Level 5.5 Spellcasting
 * Level 4.8 Conjurations
 * Level 4.5 Hexes
 - Level 3.9 Transmutations
 * Level 5.1 Air Magic
 * Level 8.6 Poison Magic
 * Level 3.1 Invocations
 * Level 2.9 Evocations


You had 3 spell levels left.
You knew the following spells:

 Your Spells              Type           Power      Damage    Failure   Level
a - Sting                 Tmut/Pois      100%       1d8       1%          1
b - Poisonous Vapours     Pois/Air       62%        N/A       1%          2
c - Mephitic Cloud        Conj/Pois/Air  28%        N/A       3%          3
d - Olgreb's Toxic Radia  Pois           38%        N/A       3%          4
e - Confusing Touch       Hex            22%        N/A       6%          3
f - Fulminant Prism       Conj/Hex       11%        3d9       19%         4

Your spell library contained the following spells:

 Spells                   Type           Power      Damage    Failure   Level
 Magic Dart               Conj           92%        1d7       1%          1
 Beastly Appendage        Tmut           40%        N/A       2%          1
 Searing Ray              Conj           46%        3d4       2%          2
 Slow                     Hex            22%        N/A       3%          2
 Spider Form              Tmut/Pois      14%        N/A       3%          3
 Wereblood                Tmut           20%        N/A       4%          2
 Dazzling Flash           Conj/Hex       44%        N/A       6%          3
 Animate Skeleton         Necr           10%        N/A       13%         1
 Gell's Gravitas          Tloc           2%         N/A       36%         3
 Lesser Beckoning         Tloc           2%         N/A       36%         3
 Teleport Other           Tloc           5%         N/A       36%         3
 Yara's Violent Unravell  Hex/Tmut       10%        3d6       54%         5


Dungeon Overview and Level Annotations

Branches:
Dungeon (9/15)             Temple (0/1) D:4            Lair (0/6) D:9
    Orc: D:9-12

Altars:
Cheibriados
Fedhas
Kikubaaqudgha
Okawaru
Ru
Sif Muna
Uskayaw
Vehumet
Wu Jian
Xom
The Shining One

Shops:
D:2 [   D:3 [   D:4 !*   D:7 *   D:8 =   D:9 [

Annotations:
D:7 1 runed translucent door, grimtooth's ghost, novice DEAE


Innate Abilities, Weirdness & Mutations

Your serpentine skin is tough. (AC +3)
You have supernaturally acute eyesight. (SInv)
Armour fits poorly on your strangely shaped body.
Your system is resistant to poisons. (rPois)
You cover ground very slowly.
You can spit poison.
You have a snake-like lower body.


Message History

You feel as though you will be slow longer.
The wraith hits you.
* * * LOW HITPOINT WARNING * * *
You barely miss the wraith.
The wraith is severely damaged.
The wraith completely misses you.
You riposte.
You hit the wraith but do no damage.
Space bends around the wraith.
The wraith is almost destroyed.
The wraith hits you but does no damage.
Casting: Confusing Touch (dangerous; 6% risk of failure)
Confirm with . or Enter, or press ? or * to list all spells.
Okay, then.
Casting: Confusing Touch (dangerous; 6% risk of failure)
Confirm with . or Enter, or press ? or * to list all spells.
Aiming: Sting (safe; 1% risk of failure)
Press: ? - help, Shift-Dir - straight line, f/p - wraith
Aim: a wraith (almost destroyed, 78% to hit)
The sting misses the wraith.
The wraith closely misses you.
You riposte.
You hit the wraith but do no damage.
Space warps horribly around the wraith.
The wraith is almost destroyed.
Unknown command.
Casting: Sting (safe; 1% risk of failure)
Confirm with . or Enter, or press ? or * to list all spells.
Aiming: Sting (safe; 1% risk of failure)
Press: ? - help, Shift-Dir - straight line, f/p - wraith
Aim: a wraith (almost destroyed, 78% to hit)
The sting hits the wraith.
The wraith partially resists.
You destroy the wraith!
You block the two-headed ogre's attack.
The two-headed ogre hits you with a +0 giant club!
* * * LOW HITPOINT WARNING * * *
Okay, then.
Okay, then.
Okay, then.
Aiming: Mindburst
Press: ? - help, Shift-Dir - straight line, f - two-headed ogre
Aim: a two-headed ogre, wielding two +0 giant clubs (heavily wounded, chance to affect: 62%)
The two-headed ogre resists with significant effort.
The two-headed ogre hits you with a +0 giant club!
You die...

# #....# #
###########.##.# #
#..............#
#######.########.#####
'.......# #.....#
######### #####.#
#.....# #.# ...##.#
######.# #..# #.@....#
#..##.### #O######
.................>.....
#.#########.###.#<#...(
.... #.#.# ## #+### #.#
# #.# #.# ...


You could see a two-headed ogre.

Vanquished Creatures
  A death knight (D:9)
  A two-headed ogre (D:9)
  A komodo dragon (D:9)
  2 kobold demonologists (D:9)
  Sigmund (D:2)
  A wraith (D:9)
  6 yaks (D:8)
  An acid dragon (D:8)
  2 water moccasins
  An orc warrior (D:7)
  A sky beast (D:7)
  2 ogres
  2 centaurs
  A phantom (D:6)
  5 kobold brigands
  3 bullfrogs
  A wyvern zombie (D:4)
  A wyvern skeleton (D:5)
  4 killer bees (D:8)
  10 wights
  4 howler monkeys
  A centaur zombie (D:6)
  2 bullfrog zombies
  A jelly (D:6)
  3 orc priests
  2 centaur skeletons
  A bullfrog skeleton (D:5)
  2 gnoll shamans
  3 iguanas
  3 orc wizards
  9 gnolls
  A howler monkey skeleton (D:6)
  5 adders
  3 shadow imps
  4 white imps
  An ufetubus (D:5)
  An adder skeleton (D:4)
  2 worms
  4 dart slugs
  16 orcs
  7 ball pythons
  5 endoplasms
  4 goblins
  9 hobgoblins
  3 quokkas
  3 bats
  2 frilled lizards (D:2)
  28 kobolds
  5 rats
  A toadstool (D:8)
182 creatures vanquished.

Vanquished Creatures (others)
  An iguana (D:4)
  An adder (D:4)
  An endoplasm (D:4)
  43 plants (D:9)
  2 toadstools (D:8)
48 creatures vanquished.

Grand Total: 230 creatures vanquished

Notes
Turn   | Place    | Note
-------+----------+-------------------------------------------
     0 | D:1      | tkbsonic5 the Naga Venom Mage began the quest for the Orb.
     0 | D:1      | Reached XP level 1. HP: 15/15 MP: 3/3
   296 | D:1      | Found a faded altar of an unknown god.
   297 | D:1      | Noticed a great orb of eyes
   299 | D:1      | Noticed a great orb of eyes
   299 | D:1      | Noticed a shining eye
   299 | D:1      | Noticed a floating eye
   303 | D:1      | Reached XP level 2. HP: 22/22 MP: 3/5
   682 | D:1      | Learned a level 2 spell: Poisonous Vapours
   924 | D:2      | Noticed Sigmund
   934 | D:2      | Killed Sigmund
   935 | D:2      | Reached skill level 1 in Short Blades
   935 | D:2      | Reached skill level 1 in Air Magic
   935 | D:2      | Reached skill level 5 in Poison Magic
   935 | D:2      | Reached XP level 3. HP: 15/28 MP: 0/7
   935 | D:2      | Reached XP level 4. HP: 19/36 MP: 0/8
   935 | D:2      | Reached XP level 5. HP: 22/42 MP: 0/9
  1319 | D:2      | Found Xudwo's Antique Armour Boutique.
  2397 | D:3      | Noticed a +0 spear
  2398 | D:3      | Noticed a +0 spear
  2398 | D:3      | Noticed a +0 falchion
  2398 | D:3      | Noticed a +0 short sword
  2400 | D:3      | Noticed a +0 falchion
  2401 | D:3      | Noticed a +0 short sword
  2402 | D:3      | Noticed a +0 dagger
  2402 | D:3      | Noticed a +0 dagger
  2584 | D:3      | Found a hide-covered altar of Uskayaw.
  2602 | D:3      | Became a worshipper of Uskayaw the Reveller
  2612 | D:3      | Found Jiebet's Armour Boutique.
  2621 | D:3      | Bought a +0 pair of gloves for 49 gold pieces
  2621 | D:3      | Bought a +0 cloak for 49 gold pieces
  2652 | D:3      | Reached XP level 6. HP: 49/49 MP: 7/10
  2709 | D:3      | Reached * piety under Uskayaw
  2831 | D:3      | Got Sif Muna's Tome of Beguiling
  2836 | D:3      | Learned a level 3 spell: Mephitic Cloud
  2841 | D:3      | Learned a level 4 spell: Olgreb's Toxic Radiance
  3191 | D:4      | Found Feuriliaj's Distillery.
  3289 | D:4      | Bought a potion of curing for 30 gold pieces
  3699 | D:4      | Identified the +5 ring mail of Starshine {rF+ rCorr}
  3713 | D:4      | Reached skill level 1 in Conjurations
  3715 | D:4      | Reached ** piety under Uskayaw
  3722 | D:4      | Reached *** piety under Uskayaw
  4059 | D:4      | Found Neklyu's Mayhem Merchandise.
  4129 | D:4      | Found a staircase to the Ecumenical Temple.
  4187 | D:4      | Reached XP level 7. HP: 55/55 MP: 2/12
  4283 | D:4      | Found a snail-covered altar of Cheibriados.
  4288 | D:4      | Learned a level 3 spell: Confusing Touch
  4687 | D:5      | Entered Level 5 of the Dungeon
  4770 | D:5      | Found an iron altar of Okawaru.
  5276 | D:5      | Reached skill level 5 in Stealth
  5372 | D:5      | Reached skill level 1 in Hexes
  5378 | D:5      | Reached **** piety under Uskayaw
  5592 | D:5      | Found a glowing golden altar of the Shining One.
  5685 | D:5      | Reached XP level 8. HP: 63/63 MP: 1/13
  5693 | D:5      | Reached skill level 1 in Long Blades
  6458 | D:6      | Found an ancient bone altar of Kikubaaqudgha.
  6461 | D:6      | Found a shimmering blue altar of Sif Muna.
  6463 | D:6      | Found a radiant altar of Vehumet.
  6466 | D:6      | Got Kikubaaqudgha's Handbook of Black Magic
  7374 | D:7      | Reached skill level 1 in Fighting
  7478 | D:7      | Found a runed translucent door.
  7485 | D:7      | Noticed grimtooth's ghost (novice DEAE)
  7616 | D:7      | Found Wahir's General Store.
  7715 | D:7      | Bought a +0 buckler of reflection for 110 gold pieces
  7882 | D:7      | Identified the +2 hunting sling of Ofimacamim {vorpal, rC+
                  | rN+}
  7927 | D:7      | Reached XP level 9. HP: 70/70 MP: 1/15
  8083 | D:7      | Found a shimmering altar of Xom.
  8084 | D:7      | Found a shimmering altar of Xom.
  8084 | D:7      | Found a shimmering altar of Xom.
  8085 | D:7      | Found a shimmering altar of Xom.
  8086 | D:7      | Found a shimmering altar of Xom.
  8086 | D:7      | Found a shimmering altar of Xom.
  8086 | D:7      | Found a shimmering altar of Xom.
  8131 | D:7      | Reached skill level 1 in Throwing
  8758 | D:7      | Found an ornate altar of the Wu Jian Council.
  9330 | D:8      | Reached skill level 1 in Invocations
  9330 | D:8      | Reached skill level 1 in Evocations
  9435 | D:8      | Reached skill level 1 in Shields
  9437 | D:8      | Reached XP level 10. HP: 78/81 MP: 1/17
  9441 | D:8      | Reached ***** piety under Uskayaw
  9445 | D:8      | Reached skill level 1 in Armour
  9445 | D:8      | Reached skill level 5 in Spellcasting
  9638 | D:8      | Found a sacrificial altar of Ru.
  9798 | D:8      | Found Quis's Jewellery Emporium.
  9909 | D:8      | Found a blossoming altar of Fedhas.
  9980 | D:9      | Noticed a two-headed ogre
  9991 | D:9      | Killed a two-headed ogre
 10082 | D:9      | Noticed a death knight
 10103 | D:9      | Killed a death knight
 10199 | D:9      | Learned a level 4 spell: Fulminant Prism
 10464 | D:9      | Noticed a kobold demonologist
 10468 | D:9      | Noticed a kobold demonologist
 10471 | D:9      | Killed a kobold demonologist
 10472 | D:9      | Reached skill level 5 in Air Magic
 10474 | D:9      | Killed a kobold demonologist
 10592 | D:9      | Found a staircase to the Lair.
 10669 | D:9      | Found Penazail's Antique Armour Emporium.
 10749 | D:9      | Noticed a two-headed ogre
 10773 | D:9      | Slain by a two-headed ogre

Illustrated notes

Levels and vault maps discovered:
D:1:      amcnicky_arrival_single_pillar, layout_loops_cross,
          hellmonk_ecumenical_altar_watching_god
D:2:      layout_loops_ring, serial_shops, nicolae_shop_crystal,
          minmay_misc_feat_square, uniq_sigmund
D:3:      layout_loops_cross, nicolae_uskayaw_en_pointe, serial_shops,
          nicolae_shop_waterfront
D:4:      layout_loops_ring, lemuel_round_altar, lemuel_temple_firewalk_b,
          hex_tiny, nicolae_stop_n_shop_1, minmay_shop_mayhem
D:5:      layout_loops_ring, okawaru_trees_2, tso_metal_star
D:6:      layout_loops_cross, grunt_temple_overflow_magic_moments
D:7:      layout_loops_ring, mainiacjoe_overflow_cross_hatched,
          xom_shifter_show, ebering_ghost_reflecting_pool, serial_shops,
          kennysheep_mini_moat
D:8:      layout_rooms, mainiacjoe_overflow_catwalk,
          lemuel_coloured_pillars_altar, serial_shops,
          nicolae_shop_temple_entry_statues_fountains, minmay_gold_behind_fungi,
          grunt_decor_mini_mirrors
D:9:      layout_basic, david_lair_shrubbed, serial_shops,
          nicolae_shop_statue_plus, shop, shop, dk_noncrumbling_4

Skill      XL: |  1  2  3  4  5  6  7  8  9 10 |
---------------+-------------------------------+-----
Short Blades   | 1 2 |  2.1
Stealth        | 4 5 6 7 8 |  8.4
Spellcasting   | 3 4 5 |  5.5
Air Magic      | 1 2 3 4 5 |  5.1
Poison Magic   | 5 6 7 8 |  8.6
Transmutations | 2 3 |  3.9
Conjurations   | 1 2 3 4 |  4.8
Hexes          | 1 2 3 4 |  4.5
Long Blades    | 2 3 4 |  4.1
Fighting       | 1 2 3 |  3.6
Throwing       | 1 |  1.1
Invocations    | 1 3 |  3.1
Evocations     | 1 2 |  2.9
Shields        | 1 |  1.8
Armour         | 1 |  1.5
Dodging        | 2 |  2.4

Action                   |  1- 3 |  4- 6 |  7- 9 | 10-12 || total
-------------------------+-------+-------+-------+-------++-------
Melee: Short sword       |    14 |    60 |    25 |       ||    99
       Falchion          |       |       |   140 |    48 ||   188
Throw: Dart              |       |     7 |    23 |     1 ||    31
       Javelin           |       |       |     3 |     1 ||     4
 Cast: Sting             |    20 |    72 |    53 |    14 ||   159
       Poisonous Vapours |       |    23 |    12 |     5 ||    40
       Mephitic Cloud    |       |     4 |     9 |    10 ||    23
       Olgreb's Toxic Ra |       |     2 |    15 |    12 ||    29
       Confusing Touch   |       |       |    12 |     4 ||    16
Invok: Stomp             |       |     1 |     7 |     1 ||     9
 Abil: Spit Poison       |     2 |     3 |     8 |     2 ||    15
Evoke: Wand              |       |       |    16 |    25 ||    41
  Use: Scroll            |       |     8 |    10 |       ||    18
       Potion            |       |     1 |     2 |     3 ||     6
 Stab: Sleeping          |     1 |     1 |     4 |       ||     6
       Confused          |       |     1 |     9 |     5 ||    15
       Paralysed         |       |       |     5 |       ||     5
       Invisible         |       |       |     1 |       ||     1
Armor: Robe              |     1 |    21 |    64 |    14 ||   100
       Leather armour    |       |     6 |       |       ||     6
Dodge: Dodged            |     6 |    37 |    75 |    12 ||   130
Block: Buckler           |       |       |     9 |    12 ||    21
       Reflection        |       |       |       |     1 ||     1
       Rpst.: Falchion   |       |       |    21 |     3 ||    24
